PUBA
BOOTHBAY HARBOR REBELS @ LAKE CLEAR SEAGULLS
07/12/1972
 
TOP OF THE 1ST
Boothbay Harbor Rebels batting - Pitching for Lake Clear Seagulls : RHP Robin O'Farrell
Pitching: RHP Robin O'Farrell
Batting: RHB Mike Schmidt 0-0: Ground out 5-3 (Groundball, 56, EV 78.1 MPH)
Batting: RHB Ken Ingram 0-0: Ball
1-0: Ball
2-0: Fly out, F8 (Flyball, 89S, EV 96.3 MPH)
Batting: RHB Dave Daly 0-0: Called Strike
0-1: Ball
1-1: Ball
2-1: Called Strike
2-2: DOUBLE (Flyball, 8RXD, EV 104.4 MPH)
Batting: RHB Luis Herrera 0-0: Called Strike
0-1: Ball
1-1: Swinging Strike
1-2: Strikes out swinging
Top of the 1st over - 0 runs, 1 hit, 0 errors, 1 left on base; Boothbay Harbor 0 - Lake Clear 0
BOTTOM OF THE 1ST
Lake Clear Seagulls batting - Pitching for Boothbay Harbor Rebels : LHP Mark Hawkins
Pitching: LHP Mark Hawkins
Batting: RHB John Solís 0-0: SINGLE (Groundball, 2R, EV 72.5 MPH) (infield hit)
Batting: RHB Todd Baker 0-0: Called Strike
0-1: Ball
1-1: Fielders Choice at 2nd, 5-4 (Groundball, 56, EV 103.8 MPH)
Batting: RHB George Noble 0-0: Called Strike
0-1: Foul Ball, location: 2F
0-2: Ball
1-2: Foul Ball, location: 9LDF
1-2: Strikes out swinging
Batting: SHB Bennett Martin 0-0: Fly out, F9 (Flyball, 9, EV 99.4 MPH)
Bottom of the 1st over - 0 runs, 1 hit, 0 errors, 1 left on base; Boothbay Harbor 0 - Lake Clear 0
TOP OF THE 2ND
Boothbay Harbor Rebels batting - Pitching for Lake Clear Seagulls : RHP Robin O'Farrell
Batting: LHB George Taylor 0-0: Ball
1-0: Ball
2-0: Called Strike
2-1: Fly out, F6 (Popup, P, EV 81.9 MPH)
Batting: RHB Reynaldo Silva 0-0: Ball
1-0: Foul Ball, location: 3FF
1-1: Ball
2-1: Ball
3-1: Foul Ball, location: 2F
3-2: Foul Ball, location: 2F
3-2: Strikes out looking
Batting: LHB Naoya Tanaka 0-0: Swinging Strike
0-1: Ball
1-1: Swinging Strike
1-2: Ball
2-2: SINGLE (Line Drive, 56D, EV 94.4 MPH)
Batting: SHB Paul Shinault 0-0: Ball
1-0: Foul Ball, location: 9LMF
1-1: Ball
2-1: Ground out 4-3 (Groundball, 34, EV 106.3 MPH)
Top of the 2nd over - 0 runs, 1 hit, 0 errors, 1 left on base; Boothbay Harbor 0 - Lake Clear 0
BOTTOM OF THE 2ND
Lake Clear Seagulls batting - Pitching for Boothbay Harbor Rebels : LHP Mark Hawkins
Batting: RHB Hripsik Sargsian 0-0: Called Strike
0-1: Foul Ball, location: 2F
0-2: Ball
1-2: Ball
2-2: Foul Ball, location: 23FF
2-2: Strikes out looking
Batting: LHB Henry Román 0-0: Ball
1-0: Ball
2-0: Ball
3-0: Base on Balls
Batting: RHB Roberto Valdés 0-0: Ball
1-0: Ball
2-0: Ball
3-0: Called Strike
3-1: Fielders Choice at 2nd, 1-4 (Groundball, 15S, EV 66.9 MPH)
Batting: RHB Mike Wedgeworth 0-0: Swinging Strike
0-1: Ground out 6-3 (Groundball, 6S, EV 70.6 MPH)
Bottom of the 2nd over - 0 runs, 0 hits, 0 errors, 1 left on base; Boothbay Harbor 0 - Lake Clear 0
TOP OF THE 3RD
Boothbay Harbor Rebels batting - Pitching for Lake Clear Seagulls : RHP Robin O'Farrell
Batting: RHB Bob Boone 0-0: Bunt for hit to 23 - play at first, batter OUT! 3-4
Batting: RHB Mike Schmidt 0-0: Called Strike
0-1: Foul Ball, location: 2F
0-2: Hit by Pitch
Batting: RHB Ken Ingram 0-0: Called Strike
Mike Schmidt is caught stealing 2nd base 2-4
0-1: Ball
1-1: Foul Ball, location: 3SF
1-2: Ball
2-2: Fly out, F8 (Flyball, 8RD, EV 78.1 MPH)
Top of the 3rd over - 0 runs, 0 hits, 0 errors, 0 left on base; Boothbay Harbor 0 - Lake Clear 0
BOTTOM OF THE 3RD
Lake Clear Seagulls batting - Pitching for Boothbay Harbor Rebels : LHP Mark Hawkins
Batting: RHB Mike Price 0-0: Swinging Strike
0-1: Foul Ball, location: 3FF
0-2: Strikes out swinging
Batting: RHB John Solís 0-0: Ball
1-0: Ball
2-0: Foul Ball, location: 2F
2-1: Foul Ball, location: 9LMF
2-2: Ball
3-2: Base on Balls
Batting: RHB Todd Baker 0-0: Ball
1-0: SINGLE (Line Drive, 9S, EV 93.8 MPH)
John Solís to second
Batting: RHB George Noble 0-0: Ball
1-0: Ball
2-0: Ball
3-0: Called Strike
3-1: SINGLE (Groundball, 4MD, EV 103.8 MPH)
John Solís to third
Todd Baker to second
Runner from 3rd tries for Home, SAFE, throw by CF to home
Batting: SHB Bennett Martin 0-0: Grounds into double play, 5-4-3 (Groundball, 56, EV 83.1 MPH)
Bottom of the 3rd over - 1 run, 2 hits, 0 errors, 1 left on base; Boothbay Harbor 0 - Lake Clear 1
TOP OF THE 4TH
Boothbay Harbor Rebels batting - Pitching for Lake Clear Seagulls : RHP Robin O'Farrell
Batting: RHB Dave Daly 0-0: Ball
1-0: Called Strike
1-1: Ball
2-1: Ball
3-1: Base on Balls
Batting: RHB Luis Herrera 0-0: Called Strike
0-1: Ball
1-1: Called Strike
1-2: Ball
2-2: Foul Ball, location: 2F
2-2: Foul Ball, location: 3F
2-2: Ball
3-2: 2-RUN HOME RUN (Flyball, 7D, EV 103.8 MPH), Distance : 403 ft
Batting: LHB George Taylor 0-0: Swinging Strike
0-1: Ground out 3-1 (Groundball, 34S, EV 70.6 MPH)
Batting: RHB Reynaldo Silva 0-0: Ball
1-0: SINGLE (Line Drive, 7S, EV 110.6 MPH)
Batting: LHB Naoya Tanaka 0-0: Ball
Reynaldo Silva steals 2nd base
1-0: Fly out, F8 (Flyball, 8RD, EV 94.4 MPH)
Batting: SHB Paul Shinault 0-0: Foul Ball, location: 2F
0-1: Ground out 6-3 (Groundball, 6, EV 91.9 MPH)
Top of the 4th over - 2 runs, 2 hits, 0 errors, 1 left on base; Boothbay Harbor 2 - Lake Clear 1
BOTTOM OF THE 4TH
Lake Clear Seagulls batting - Pitching for Boothbay Harbor Rebels : LHP Mark Hawkins
Batting: RHB Hripsik Sargsian 0-0: Called Strike
0-1: Foul Ball, location: 2F
0-2: Strikes out swinging, 2-3 out at first.
Batting: LHB Henry Román 0-0: Ball
1-0: Fly out, F2 (Popup, 2RF, EV 90.6 MPH)
Batting: RHB Roberto Valdés 0-0: Ball
1-0: Ball
2-0: Ball
3-0: Base on Balls
Batting: RHB Mike Wedgeworth 0-0: Ball
1-0: Foul Ball, location: 7LMF
1-1: Called Strike
1-2: Fly out, F8 (Flyball, 89M, EV 91.3 MPH)
Bottom of the 4th over - 0 runs, 0 hits, 0 errors, 1 left on base; Boothbay Harbor 2 - Lake Clear 1
TOP OF THE 5TH
Boothbay Harbor Rebels batting - Pitching for Lake Clear Seagulls : RHP Robin O'Farrell
Batting: RHB Bob Boone 0-0: Bunt for hit to 5S - play at first, batter OUT! 5-3
Batting: RHB Mike Schmidt 0-0: SOLO HOME RUN (Flyball, 9LD, EV 92.5 MPH), Distance : 339 ft
Batting: RHB Ken Ingram 0-0: Called Strike
0-1: Foul Ball, location: 2F
0-2: Ball
1-2: Ball
2-2: Ground out 6-3 (Groundball, 6, EV 81.9 MPH)
Batting: RHB Dave Daly 0-0: Ball
1-0: Called Strike
1-1: Ball
2-1: Ball
3-1: SINGLE (Flyball, 5D, EV 96.3 MPH)
Batting: RHB Luis Herrera 0-0: Called Strike
0-1: Called Strike
0-2: Ground out U3 (Groundball, 3S, EV 78.1 MPH)
Top of the 5th over - 1 run, 2 hits, 0 errors, 1 left on base; Boothbay Harbor 3 - Lake Clear 1
BOTTOM OF THE 5TH
Lake Clear Seagulls batting - Pitching for Boothbay Harbor Rebels : LHP Mark Hawkins
Batting: RHB Mike Price 0-0: Ball
1-0: Ball
2-0: Foul Ball, location: 23F
2-1: Swinging Strike
2-2: Ball
3-2: Ground out 6-3 (Groundball, 56, EV 87.5 MPH)
Batting: RHB John Solís 0-0: Ball
1-0: Ball
2-0: Swinging Strike
2-1: Ball
3-1: Foul Ball, location: 2F
3-2: Strikes out swinging
Batting: RHB Todd Baker 0-0: Called Strike
0-1: Ball
1-1: Swinging Strike
1-2: Strikes out swinging
Bottom of the 5th over - 0 runs, 0 hits, 0 errors, 0 left on base; Boothbay Harbor 3 - Lake Clear 1
TOP OF THE 6TH
Boothbay Harbor Rebels batting - Pitching for Lake Clear Seagulls : RHP Robin O'Farrell
Batting: LHB George Taylor 0-0: Swinging Strike
0-1: DOUBLE (Groundball, 3L, EV 109.4 MPH)
Batting: RHB Reynaldo Silva 0-0: Ball
1-0: Ground out 4-3 (Groundball, 4, EV 84.4 MPH)
George Taylor to third
Batting: LHB Naoya Tanaka 0-0: Ball
1-0: 2-RUN HOME RUN (Flyball, 9D, EV 96.9 MPH), Distance : 370 ft
Pitching: RHP Jason Meadows
Batting: SHB Paul Shinault 0-0: Hit by Pitch
Batting: RHB Bob Boone 0-0: Ball
1-0: Called Strike
Paul Shinault steals 2nd base
1-1: Ground out 4-3 (Groundball, 4, EV 105.0 MPH)
Paul Shinault to third
Batting: RHB Mike Schmidt 0-0: Foul Ball, location: 25FF
0-1: Ball
1-1: Ball
2-1: Swinging Strike
2-2: Foul Ball, location: 2F
2-2: Foul Ball, location: 2F
2-2: Foul Ball, location: 7LDF
2-2: Ball
3-2: Fly out, F9 (Flyball, 9, EV 90.0 MPH)
Top of the 6th over - 2 runs, 2 hits, 0 errors, 1 left on base; Boothbay Harbor 5 - Lake Clear 1
BOTTOM OF THE 6TH
Lake Clear Seagulls batting - Pitching for Boothbay Harbor Rebels : LHP Mark Hawkins
Batting: RHB George Noble 0-0: Called Strike
0-1: Ball
1-1: Swinging Strike
1-2: Strikes out swinging
Batting: SHB Bennett Martin 0-0: Fly out, F9 (Flyball, 9, EV 96.9 MPH)
Batting: RHB Hripsik Sargsian 0-0: Ball
1-0: Swinging Strike
1-1: SINGLE (Line Drive, 7S, EV 88.8 MPH)
Batting: LHB Henry Román 0-0: Called Strike
0-1: Ball
Wild Pitch!
Hripsik Sargsian to second
1-1: Foul Ball, location: 3F
1-2: Foul Ball, location: 3SF
1-2: SINGLE (Line Drive, 6M, EV 105.0 MPH)
Hripsik Sargsian to third
Runner from 3rd tries for Home, SAFE, throw by CF to home
Batting: RHB Roberto Valdés 0-0: Called Strike
0-1: Ball
1-1: Foul Ball, location: 9LDF
1-2: DOUBLE (Line Drive, 78D, EV 107.5 MPH)
Henry Román to third
Runner from 3rd tries for Home, SAFE, no throw by CF
Batting: RHB Mike Wedgeworth 0-0: Called Strike
0-1: Ball
1-1: Foul Ball, location: 3DF
1-2: Ball
2-2: Ball
3-2: Foul Ball, location: 9LMF
3-2: Foul Ball, location: 7LMF
3-2: Strikes out swinging
Bottom of the 6th over - 2 runs, 3 hits, 0 errors, 1 left on base; Boothbay Harbor 5 - Lake Clear 3
TOP OF THE 7TH
Boothbay Harbor Rebels batting - Pitching for Lake Clear Seagulls : RHP Jason Meadows
Batting: RHB Ken Ingram 0-0: Called Strike
0-1: Called Strike
0-2: Foul Ball, location: 9LMF
0-2: Strikes out swinging
Batting: RHB Dave Daly 0-0: Foul Ball, location: 23FF
0-1: Ball
1-1: Ball
2-1: Called Strike
2-2: SINGLE (Flyball, 5D, EV 95.6 MPH)
Pitching: RHP Ernest Curtis
Batting: RHB Luis Herrera 0-0: Ball
1-0: Ball
2-0: Fielders Choice at 2nd, 3-6 (Groundball, 34S, EV 86.3 MPH)
Batting: LHB George Taylor 0-0: Called Strike
0-1: Swinging Strike
0-2: Foul Ball, location: 2F
0-2: Ball
1-2: Ball
2-2: Strikes out looking
Top of the 7th over - 0 runs, 1 hit, 0 errors, 1 left on base; Boothbay Harbor 5 - Lake Clear 3
BOTTOM OF THE 7TH
Lake Clear Seagulls batting - Pitching for Boothbay Harbor Rebels : LHP Mark Hawkins
Batting: RHB Mike Price 0-0: Ball
1-0: Ball
2-0: Ball
3-0: Called Strike
3-1: Fly out, F4 (Line Drive, 34D, EV 71.9 MPH)
Batting: RHB John Solís 0-0: Foul Ball, location: 9LDF
0-1: Ball
1-1: Ground out 5-3 (Groundball, 56S, EV 66.9 MPH)
Batting: RHB Todd Baker 0-0: Called Strike
0-1: Called Strike
0-2: SINGLE (Flyball, 89S, EV 96.3 MPH)
Batting: RHB George Noble 0-0: Called Strike
0-1: Called Strike
0-2: Foul Ball, location: 5F
0-2: TRIPLE (Flyball, 89XD, EV 95.6 MPH)
Todd Baker scores
Pinch Hitting: RHB Earl Robertson 0-0: Foul Ball, location: 2F
0-1: Ball
1-1: Swinging Strike
1-2: Ball
2-2: Strikes out swinging
Bottom of the 7th over - 1 run, 2 hits, 0 errors, 1 left on base; Boothbay Harbor 5 - Lake Clear 4
TOP OF THE 8TH
Boothbay Harbor Rebels batting - Pitching for Lake Clear Seagulls : RHP Ernest Curtis
Now at 1B: Buddy Bradford
Pinch Hitting: LHB Jack Brohamer 0-0: Called Strike
0-1: Fly out, F8 (Flyball, 8LXD, EV 100.6 MPH)
Batting: LHB Naoya Tanaka 0-0: Ball
1-0: Foul Ball, location: 2F
1-1: DOUBLE (Flyball, 78D, EV 99.4 MPH)
Batting: SHB Paul Shinault 0-0: SINGLE (Line Drive, 3D, EV 95.6 MPH)
Naoya Tanaka to third
Throwing error, E9
Naoya Tanaka scores
Paul Shinault to second
Batting: RHB Bob Boone 0-0: Ground out 5-3 (Groundball, 56, EV 101.9 MPH)
Batting: RHB Mike Schmidt 0-0: Ball
1-0: Foul Ball, location: 3F
1-1: Ball
2-1: Foul Ball, location: 9LDF
2-2: Foul Ball, location: 2F
2-2: Foul Ball, location: 9LMF
2-2: Strikes out swinging
Top of the 8th over - 1 run, 2 hits, 1 error, 1 left on base; Boothbay Harbor 6 - Lake Clear 4
BOTTOM OF THE 8TH
Lake Clear Seagulls batting - Pitching for Boothbay Harbor Rebels : LHP Mark Hawkins
Pitching: LHP Albert Peterson
Now at 2B: Jack Brohamer
Batting: RHB Hripsik Sargsian 0-0: Foul Ball, location: 2F
0-1: Ball
1-1: Ball
2-1: Foul Ball, location: 3SF
2-2: Foul Ball, location: 7LSF
2-2: SINGLE (Groundball, 15S, EV 72.5 MPH) (infield hit)
Batting: LHB Henry Román 0-0: Called Strike
0-1: Ball
1-1: DOUBLE (Line Drive, 78XD, EV 105.6 MPH)
Hripsik Sargsian to third
Batting: RHB Roberto Valdés 0-0: Fly out, F8 (Flyball, 8RM, EV 89.4 MPH)
Throwing error, E8
Hripsik Sargsian scores
Henry Román to third
Pinch Hitting: RHB Murai Koga 0-0: Ball
Wild Pitch!
Henry Román scores
1-0: Called Strike
1-1: Fly out, F3 (Popup, 3SF, EV 88.1 MPH)
Batting: RHB Mike Price 0-0: Ball
1-0: Ball
2-0: Ball
3-0: Base on Balls
Batting: RHB John Solís 0-0: Foul Ball, location: 2F
0-1: Ball
1-1: Called Strike
1-2: Foul Ball, location: 2F
1-2: DOUBLE (Flyball, 78XD, EV 98.8 MPH)
Mike Price to third
Runner from 3rd tries for Home, SAFE, no throw by CF
Pitching: LHP Wladimir Allaart
Batting: RHB Todd Baker 0-0: Called Strike
0-1: Foul Ball, location: 3SF
0-2: Ball
1-2: Ball
2-2: Strikes out swinging
Bottom of the 8th over - 3 runs, 3 hits, 1 error, 1 left on base; Boothbay Harbor 6 - Lake Clear 7
TOP OF THE 9TH
Boothbay Harbor Rebels batting - Pitching for Lake Clear Seagulls : RHP Ernest Curtis
Pitching: LHP Phil Thomas
Now at 1B: George Noble
Now at 3B: George Sharp
Now at SS: Brian Williams
Now in LF: Buddy Bradford
Now in RF: Hripsik Sargsian
Batting: RHB Ken Ingram 0-0: Ball
1-0: Ball
2-0: Ball
3-0: Called Strike
3-1: Base on Balls
Batting: RHB Dave Daly 0-0: Ball
1-0: Ball
2-0: Ball
3-0: Base on Balls
Ken Ingram to second
Pinch Runner at 2nd Whit Nicholson:
Batting: RHB Luis Herrera 0-0: Called Strike
0-1: Ball
1-1: Foul Ball, location: 9LDF
1-2: Fly out, F8 (Flyball, 89M, EV 94.4 MPH)
Pinch Hitting: RHB Cooper Johnson 0-0: Called Strike
0-1: Called Strike
0-2: Strikes out swinging
Batting: LHB Jack Brohamer 0-0: Called Strike
0-1: SINGLE (Groundball, 6MD, EV 109.4 MPH)
Whit Nicholson to third
Dave Daly to second
Runner from 3rd tries for Home, SAFE, throw by CF to trailing runner, OUT at third! 8-3-5
Top of the 9th over - 1 run, 1 hit, 0 errors, 1 left on base; Boothbay Harbor 7 - Lake Clear 7
BOTTOM OF THE 9TH
Lake Clear Seagulls batting - Pitching for Boothbay Harbor Rebels : LHP Wladimir Allaart
Now in CF: Cooper Johnson
Batting: RHB George Noble 0-0: Ball
1-0: Foul Ball, location: 9LSF
1-1: Foul Ball, location: 9LMF
1-2: Foul Ball, location: 2F
1-2: Foul Ball, location: 9LSF
1-2: Ground out 5-3 (Groundball, 56S, EV 85.0 MPH)
Batting: RHB Buddy Bradford 0-0: Ball
1-0: Ball
2-0: Fly out, F4 (Flyball, 4MD, EV 91.3 MPH)
Batting: RHB Hripsik Sargsian 0-0: Ball
1-0: Foul Ball, location: 2F
1-1: Ball
2-1: Ground out 1-3 (Groundball, 15S, EV 61.9 MPH)
Bottom of the 9th over - 0 runs, 0 hits, 0 errors, 0 left on base; Boothbay Harbor 7 - Lake Clear 7
TOP OF THE 10TH
Boothbay Harbor Rebels batting - Pitching for Lake Clear Seagulls : LHP Phil Thomas
Pitching: RHP Brandon Lucas
Batting: LHB Naoya Tanaka 0-0: Swinging Strike
0-1: Called Strike
0-2: Foul Ball, location: 7LDF
0-2: Strikes out swinging
Batting: SHB Paul Shinault 0-0: Called Strike
0-1: Fly out, F4 (Popup, 4MD, EV 54.4 MPH)
Pinch Hitting: LHB Dave Rader 0-0: Called Strike
0-1: Ball
1-1: Ground out 6-3 (Groundball, 56, EV 87.5 MPH)
Top of the 10th over - 0 runs, 0 hits, 0 errors, 0 left on base; Boothbay Harbor 7 - Lake Clear 7
BOTTOM OF THE 10TH
Lake Clear Seagulls batting - Pitching for Boothbay Harbor Rebels : LHP Wladimir Allaart
Now at C: Tim Hosley
Batting: LHB Henry Román 0-0: Ball
1-0: Foul Ball, location: 7LSF
1-1: Foul Ball, location: 9LSF
1-2: Strikes out swinging
Batting: RHB Roberto Valdés 0-0: Foul Ball, location: 2F
0-1: Ball
1-1: Ball
2-1: Called Strike
2-2: Fly out, F4 (Popup, 4S, EV 81.9 MPH)
Batting: RHB George Sharp 0-0: Called Strike
0-1: Foul Ball, location: 9LDF
0-2: Ball
1-2: Strikes out swinging, 2-3 out at first.
Bottom of the 10th over - 0 runs, 0 hits, 0 errors, 0 left on base; Boothbay Harbor 7 - Lake Clear 7
TOP OF THE 11TH
Boothbay Harbor Rebels batting - Pitching for Lake Clear Seagulls : RHP Brandon Lucas
Batting: RHB Mike Schmidt 0-0: Ball
1-0: Called Strike
1-1: Foul Ball, location: 5F
1-2: Ball
2-2: Ball
3-2: Strikes out looking
Batting: SHB Steve Hensley 0-0: Foul Ball, location: 23F
0-1: Ball
1-1: Ball
2-1: Called Strike
2-2: Foul Ball, location: 2F
2-2: Foul Ball, location: 2F
2-2: Ball
3-2: Base on Balls
Batting: RHB Dave Daly 0-0: Called Strike
0-1: Foul Ball, location: 7LSF
0-2: Strikes out looking
Batting: RHB Luis Herrera 0-0: Ball
1-0: Ball
2-0: Called Strike
2-1: Ball
3-1: Called Strike
3-2: Base on Balls
Steve Hensley to second
Batting: RHB Cooper Johnson 0-0: Ball
1-0: Foul Ball, location: 9LDF
1-1: Called Strike
1-2: Fly out, F7 (Line Drive, 7S, EV 98.1 MPH)
Top of the 11th over - 0 runs, 0 hits, 0 errors, 2 left on base; Boothbay Harbor 7 - Lake Clear 7
BOTTOM OF THE 11TH
Lake Clear Seagulls batting - Pitching for Boothbay Harbor Rebels : LHP Wladimir Allaart
Pinch Hitting: SHB Tom Miller 0-0: Called Strike
0-1: Ball
1-1: Foul Ball, location: 9LDF
1-2: Foul Ball, location: 2F
1-2: Ball
2-2: Strikes out swinging
Batting: RHB Brian Williams 0-0: SINGLE (Groundball, 4MD, EV 99.4 MPH)
Pitching: RHP Buddy Harris
Batting: RHB Todd Baker 0-0: Called Strike
0-1: SINGLE (Line Drive, 8LS, EV 98.8 MPH)
Brian Williams to second
Runner from 2nd tries for 3rd, SAFE, throw by CF made to third
Batting: RHB George Noble 0-0: Fly out, F4 (Popup, 4M, EV 56.3 MPH)
Batting: RHB Buddy Bradford 0-0: Foul Ball, location: 5F
0-1: Ball
1-1: Swinging Strike
1-2: Foul Ball, location: 2RF
1-2: Foul Ball, location: 3SF
1-2: Ball
2-2: Strikes out swinging
Bottom of the 11th over - 0 runs, 2 hits, 0 errors, 2 left on base; Boothbay Harbor 7 - Lake Clear 7
TOP OF THE 12TH
Boothbay Harbor Rebels batting - Pitching for Lake Clear Seagulls : RHP Brandon Lucas
Now at C: Anastasio Barbot
Batting: LHB Jack Brohamer 0-0: Ball
1-0: Ground out 1-3 (Groundball, 23, EV 66.9 MPH)
Batting: LHB Naoya Tanaka 0-0: Ground out 6-3 (Groundball, 6, EV 105.0 MPH)
Batting: SHB Paul Shinault 0-0: SINGLE (Line Drive, 4MD, EV 73.8 MPH)
Batting: RHB Tim Hosley 0-0: Ball
1-0: Ball
2-0: Swinging Strike
2-1: Called Strike
2-2: Ball
3-2: Foul Ball, location: 2F
3-2: Fly out, F9 (Flyball, 89XD, EV 78.8 MPH)
Top of the 12th over - 0 runs, 1 hit, 0 errors, 1 left on base; Boothbay Harbor 7 - Lake Clear 7
BOTTOM OF THE 12TH
Lake Clear Seagulls batting - Pitching for Boothbay Harbor Rebels : RHP Buddy Harris
Batting: RHB Hripsik Sargsian 0-0: Ball
1-0: Swinging Strike
1-1: Ball
2-1: Foul Ball, location: 9LSF
2-2: Ground out 6-3 (Groundball, 6, EV 90.6 MPH)
Batting: LHB Henry Román 0-0: Swinging Strike
0-1: Ball
1-1: Ball
2-1: Ball
3-1: Base on Balls
Batting: RHB Roberto Valdés 0-0: Ball
1-0: Called Strike
1-1: Reached on error, E4 (Groundball, 4M, EV 83.1 MPH)
Henry Román to second
Pinch Hitting: SHB Steve Huntz 0-0: SINGLE (Line Drive, 78S, EV 86.3 MPH)
Henry Román to third
Roberto Valdés to second
Batting: RHB Anastasio Barbot 0-0: Ball
1-0: Ball
2-0: Ball
3-0: Base on Balls
Henry Román scores
Roberto Valdés to third
Steve Huntz to second
Bottom of the 12th over - 1 run, 1 hit, 1 error, 3 left on base; Boothbay Harbor 7 - Lake Clear 8
Tuesday, April 9th , 2024 - OOTP Baseball 24.8 Build 75